 Dungeon Crawl Stone Soup version 0.27.1-34-g3ba077fa99 (webtiles) character file.

Game seed: 18020089435978163041

124 Sharkman1231 the Sneak (level 5, -7/32 HPs)
             Began as a Kobold Brigand on Jan 21, 2022.
             Was a Follower of Kikubaaqudgha.
             Killed by divine providence
             ... invoked by an orc priest
              (17 damage)
             ... on level 3 of the Dungeon.
             The game lasted 00:02:12 (3021 turns).

Sharkman1231 the Sneak (Kobold Brigand)             Turns: 3021, Time: 00:02:13

Health: -7/32      AC:  7    Str:  8    XL:     5   Next: 30%
Magic:  5/5        EV: 15    Int: 13    God:    Kikubaaqudgha [*.....]
Gold:   45         SH:  0    Dex: 17    Spells: 4/4 levels left

rFire    . . .     SeeInvis .   a - +2 dagger (distort)
rCold    . . .     Faith    .   (shield restricted)
rNeg     . . .     Spirit   .   b - +0 robe
rPois    .         Reflect  .   n - +2 helmet
rElec    .         Harm     .   c - +0 cloak
rCorr    .         Rampage  .   (no gloves)
Will     .....                  q - +0 pair of boots
Stlth    ++++......             (no amulet)
HPRegen  0.10/turn              (no ring)
MPRegen  0.09/turn              (no ring)

@: about to teleport
A: small, no large weapons, nightstalker 3
a: Renounce Religion, Receive Corpses


You were on level 3 of the Dungeon.
You worshipped Kikubaaqudgha.
Kikubaaqudgha was aware of your devotion.
You visited 1 branch of the dungeon, and saw 3 of its levels.

You collected 45 gold pieces.

Inventory:

Hand Weapons
 a - a +2 dagger of distortion (weapon)
 j - a +2 dagger
Missiles
 d - 28 poisoned darts (quivered)
 e - 2 curare-tipped darts
Armour
 b - a +0 robe (worn)
 c - a +0 cloak (worn)
 n - a +2 helmet (worn)
 q - a +0 pair of boots (worn)
Scrolls
 f - 3 scrolls of identify
 l - a scroll of teleportation
 m - a scroll of enchant weapon {unknown}
 o - a scroll of blinking {unknown}
 p - a scroll of vulnerability {unknown}
Potions
 g - 2 potions of haste {unknown}
 h - a potion of lignification {unknown}
 i - a potion of magic {unknown}
 k - 2 potions of curing {unknown}
 r - a potion of invisibility {unknown}


   Skills:
 + Level 2.9 Fighting
 * Level 4.3 Short Blades
 + Level 3.0 Throwing
 + Level 2.2 Dodging
 + Level 5.9 Stealth
 + Level 1.2 Necromancy


You had 4 spell levels left.
You didn't know any spells.
Your spell library contained the following spells:

 Spells                   Type           Power      Damage    Failure   Level
 Animate Skeleton         Necr           6%         N/A       19%         1
 Pain                     Necr           12%        1d4       19%         1
 Sublimation of Blood     Necr           1%         N/A       28%         2
 Vampiric Draining        Necr           1%         2d6       50%         3


Dungeon Overview and Level Annotations

Branches:
Dungeon (3/15)

Altars:
Kikubaaqudgha
The Shining One

Shops:
D:2 !

Annotations:
D:3 2 transporters, cbfl8's ghost, amateur MiWn


Innate Abilities, Weirdness & Mutations

You are small and have problems with some larger weapons.
You are completely attuned to the shadows.


Message History

You now have 45 gold pieces (gained 6).
A rat comes into view.
A rat is nearby!
A rat is nearby!
The helpless rat fails to defend itself.
You skewer the rat like a kebab!!!
You kill the rat!
Kikubaaqudgha accepts your kill.
You see here a rat corpse.
An orc comes into view. It is wielding a +0 whip.
An orc is nearby!
An orc is nearby!
The orc shouts!
You hear a shout! x3
An orc priest comes into view. It is wielding a +0 club.
You hit the orc.
Space bends around the orc.
The orc is almost dead.
The orc barely misses you.
You hit the orc.
You kill the orc!
Kikubaaqudgha accepts your kill.
The orc priest mumbles some strange prayers to Beogh against you.
Beogh smites you!
An orc priest comes into view. It is wielding a +0 flail.
An orc comes into view. It is wielding a +0 flail.
The orc shouts!
Unknown command.
The orc priest invokes the aid of Beogh against you.
Pain shoots through your body!
The orc priest invokes the aid of Beogh against you.
Pain shoots through your body!
As you read the scroll labelled RISAFOKHUME, it crumbles to dust.
It is a scroll of identify.
l - 2 scrolls of teleportation
As you read the scroll of teleportation, it crumbles to dust.
You feel strangely unstable.
The orc priest invokes the aid of Beogh against you.
Beogh smites you!
Ouch! That really hurt!
You die...
Kikubaaqudgha rasps: "You have failed me!
Welcome... death!"

#.W#.### #.##..# ##..## # #..#.#
#.##..#####..# ##...##..#.#
#.##....# ##.# .........#.#
#.##.#.#####.# ........©#.#
#####.##.##.#.##.# ##########.#
#....†##.###..##.# ...©....(..###
#.###.........##..
##...#######...#.##.oo.......###'
###.## #..#..@#..#..#######.#.
###.# #..#.....o#...## #.##
....#######..##....##oo).# #.##
#.####.......##....##o..## #...
#.####.####...##..##...## #.#.
#......# #...##..##...# #...
#.###### #....# #....#######.#.
#.# #.#..####..#.........## ..#
#.##..##..##.##########


You could see an orc priest.

Vanquished Creatures
  Natasha (thrice) (D:2)
  An adder (D:2)
  A worm (D:2)
  A dart slug (D:3)
  2 orcs (D:3)
  3 endoplasms
  2 giant cockroaches
  3 goblins
  2 hobgoblins (D:1)
  2 ball pythons
  3 bats
  5 frilled lizards
  4 kobolds
  6 rats
38 creatures vanquished.

Notes
Turn   | Place    | Note
-------+----------+-------------------------------------------
     0 | D:1      | Sharkman1231 the Kobold Brigand began the quest for the
                  | Orb.
     0 | D:1      | Reached XP level 1. HP: 12/12 MP: 1/1
   123 | D:1      | Found a faded altar of an unknown god.
   139 | D:1      | Became a worshipper of Kikubaaqudgha
   139 | D:1      | Reached * piety under Kikubaaqudgha
   139 | D:1      | Received a gift from Kikubaaqudgha
   595 | D:1      | Reached XP level 2. HP: 17/17 MP: 2/2
  1511 | D:2      | Found Qulloll's Distillery.
  1544 | D:2      | Reached XP level 3. HP: 19/22 MP: 3/3
  1777 | D:2      | Noticed Natasha
  1781 | D:2      | Killed Natasha
  1782 | D:2      | Reached XP level 4. HP: 27/27 MP: 4/4
  1838 | D:2      | Noticed Natasha
  1844 | D:2      | Killed Natasha
  1845 | D:2      | Reached skill level 1 in Necromancy
  2298 | D:2      | Found Qulloll's Distillery.
  2478 | D:2      | Noticed Natasha
  2484 | D:2      | Killed Natasha
  2485 | D:2      | Reached XP level 5. HP: 26/32 MP: 5/5
  2548 | D:3      | Found a glowing golden altar of the Shining One.
  2659 | D:3      | Found a transporter.
  2662 | D:3      | Noticed cbfl8's ghost (amateur MiWn)
  2664 | D:3      | Found a transporter.
  3021 | D:3      | Killed from afar by an orc priest

Illustrated notes

Levels and vault maps discovered:
D:1:      tarquinn_simple_flora_water_f, layout_loops_corners, serial_forest,
          infiniplex_forest_clump_long, infiniplex_forest_join,
          infiniplex_forest_end_1, infiniplex_forest_clump_curved,
          infiniplex_forest_lined_1, ebering_ecumenical_altar_abandoned,
          dk_noncrumbling_4
D:2:      layout_loops_cross, serial_shops, shop, uniq_natasha
D:3:      layout_loops_corners, nicolae_tso_swordbearing_angel,
          gammafunk_ghost_mausoleum, serial_shops, shop, minmay_misc_feat_x

Skill      XL: |  1  2  3  4 |
---------------+-------------+-----
Short Blades   | 3 4 |  4.3
Dodging        | 2 |  2.2
Necromancy     | 1 |  1.2
Throwing       | 3 |  3.0
Fighting       | |  2.9
Stealth        | |  5.9

Action                   |  1- 3 |  4- 6 || total
-------------------------+-------+-------++-------
Melee: Dagger            |    38 |    24 ||    62
Throw: Dart              |     1 |       ||     1
  Use: Scroll            |       |     2 ||     2
 Stab: Sleeping          |    14 |     6 ||    20
Armor: Robe              |     1 |     3 ||     4
Dodge: Dodged            |    15 |     8 ||    23
